 Dungeon Crawl Stone Soup version 0.29-a0-529-gfa20dd96a1 (webtiles) character file.

Game seed: 9593456264510792413

15 elagabalus the Grave Robber (level 2, 0/23 HPs)
             Began as a Hill Orc Necromancer on June 1, 2022.
             Killed from afar by a dart slug (2 damage)
             ... with a slug dart
             ... on level 1 of the Dungeon.
             The game lasted 00:06:26 (362 turns).

elagabalus the Grave Robber (Hill Orc Necromancer)   Turns: 362, Time: 00:06:27

Health: 0/23       AC:  2    Str: 10    XL:     2   Next: 50%
Magic:  0/4        EV: 12    Int: 15    God:
Gold:   23         SH:  0    Dex: 11    Spells: 3/4 levels left

rFire   . . .      SeeInvis .   c - +0 club
rCold   . . .      Faith    .   (no shield)
rNeg    . . .      Spirit   .   a - +0 robe
rPois   .          Reflect  .   (no helmet)
rElec   .          Harm     .   (no cloak)
rCorr   .          Rampage  .   (no gloves)
Will    .....                   (no boots)
Stlth   ++........              (no amulet)
HPRegen 0.07/turn               e - ring of wizardry
MPRegen 0.09/turn               (no ring)

@: no status effects
A: no striking features
a: no special abilities


You were on level 1 of the Dungeon.
You visited 1 branch of the dungeon, and saw 1 of its levels.

You collected 23 gold pieces.

Inventory:

Hand Weapons
 c - a +0 club (weapon)
Missiles
 d - 24 stones
Armour
 a - a +0 robe (worn)
Jewellery
 e - a ring of wizardry (left hand)
Potions
 b - a potion of magic


   Skills:
 * Level 1.6 Fighting
 - Level 1.5 Dodging
 - Level 1.5 Stealth
 - Level 1.5 Spellcasting
 - Level 4.3 Necromancy


You had 3 spell levels left.
You knew the following spells:

 Your Spells              Type           Power      Damage    Failure   Level
a - Necrotize             Necr           56%        1d6       1%          1

Your spell library contained the following spells:

 Spells                   Type           Power      Damage    Failure   Level
 Vampiric Draining        Necr           14%        2d7       4%          3
 Animate Dead             Necr           14%        N/A       16%         4
 Agony                    Necr           14%        N/A       38%         5


Dungeon Overview and Level Annotations

Branches:
Dungeon (1/15)

Altars:
Beogh


Message History

Aiming: Necrotize (safe; 1% risk of failure)
Press: ? - help, Q - select action, (/) - cycle Shift-Dir - straight line, f - you
Okay, then.
Found a garnet ring.
Aiming: Necrotize (safe; 1% risk of failure)
Press: ? - help, Q - select action, (/) - cycle Shift-Dir - straight line, f - bat
Aim: a bat (asleep, chance to affect: 84%)
The bat writhes in agony.
Aiming: Necrotize (safe; 1% risk of failure)
Press: ? - help, Q - select action, (/) - cycle Shift-Dir - straight line, f/p - bat
Aim: a bat (moderately wounded, chance to affect: 84%)
The bat writhes in agony.
The bat hits you.
* * * LOW HITPOINT WARNING * * *
Aiming: Necrotize (safe; 1% risk of failure)
Press: ? - help, Q - select action, (/) - cycle Shift-Dir - straight line, f/p - bat
Aim: a bat (severely wounded, chance to affect: 84%)
The bat writhes in agony.
You kill the bat!
The dead are flying!
Aiming: Necrotize (safe; 1% risk of failure)
Press: ? - help, Q - select action, (/) - cycle Shift-Dir - straight line, f - dart slug
Aim: a dart slug (ally target, chance to affect: 84%)
The dart slug barely resists.
Your bat skeleton hits the dart slug but does no damage.
Your bat skeleton hits the dart slug but does no damage.
Your bat skeleton hits the dart slug. x2
A hobgoblin comes into view.
Your bat skeleton hits the dart slug but does no damage.
Your bat skeleton hits the dart slug.
The dart slug launches a dart at you. The slug dart hits you.
* * * LOW HITPOINT WARNING * * *
Your bat skeleton hits the dart slug but does no damage.
The hobgoblin moves out of view.
Your bat skeleton hits the dart slug but does no damage.
Your bat skeleton hits the dart slug. x2
The dart slug launches a dart at you. The slug dart hits you.
You die...

..........# #..........#
#..........#
#..........# #
#..........#### ###
#....Zw.......# #..
#..........##.# #.#
###=.........##.######.#
.......@................
##.....########....##..#
###..# ##......##...
#..# ##..........## #.g
#..........## ...
####...........# ###
...#...........##
.#..............#
...#..........#..


You could see a dart slug (ally target), a hobgoblin and a friendly bat
skeleton.

Vanquished Creatures
  2 dart slugs (D:1)
  An endoplasm (D:1)
  A giant cockroach (D:1)
  A quokka (D:1)
  3 bats (D:1)
  A kobold (D:1)
  A rat (D:1)
10 creatures vanquished.

Vanquished Creatures (collateral kills)
  An endoplasm (D:1)
  A goblin (D:1)
2 creatures vanquished.

Grand Total: 12 creatures vanquished

Notes
Turn   | Place    | Note
-------+----------+-------------------------------------------
     0 | D:1      | elagabalus the Hill Orc Necromancer began the quest for the
                  | Orb.
     0 | D:1      | Reached XP level 1. HP: 14/14 MP: 3/3
   163 | D:1      | Reached XP level 2. HP: 20/20 MP: 1/4
   216 | D:1      | Found a roughly hewn altar of Beogh.
   280 | D:1      | Reached skill level 1 in Fighting
   362 | D:1      | Killed from afar by a dart slug

Illustrated notes

Levels and vault maps discovered:
D:1:      minmay_arrival_three_doors, layout_rooms,
          hellmonk_ecumenical_altar_defaced_shrine

Skill      XL: |  1  2 |
---------------+-------+-----
Fighting       | 1 |  1.6
Dodging        | |  1.5
Stealth        | |  1.5
Spellcasting   | |  1.5
Necromancy     | |  4.3

Action                   || total
-------------------------++-------
Melee: Unarmed           ||     3
       Club              ||     2
 Cast: Necrotize         ||    27
Armor: Robe              ||     5
Dodge: Dodged            ||    21

Table legend: (Time is in decaauts)
 A = Elapsed time spent in this place.
 B = Non-inter-level travel time spent in this place.
 C = Inter-level travel time spent in this place.
 D = Time resting spent in this place.
 E = Time spent auto-exploring this place.
 F = Levels seen in this place.
 G = Mean time per level.
                   A        B        C        D        E       F      G
               +--------+--------+--------+--------+--------+-----+--------+
         Total |    361 |    176 |    185 |      0 |      0 |   1 |  361.0 |
       Dungeon |    361 |    176 |    185 |      0 |      0 |   1 |  361.0 |
               +--------+--------+--------+--------+--------+-----+--------+

Top non-repeatable levels by time:
     D:1: 361 daAuts
